 Dungeon Crawl Stone Soup version 0.27.1-2-g3b301248ec (webtiles) character file.

Game seed: 18348857261596815184

48577 raph the Impaler (level 14, -6/106 HPs)
             Began as a Merfolk Gladiator on Oct 3, 2021.
             Was a High Priest of Okawaru.
             Mangled by an orc warlord (15 damage)
             ... on level 12 of the Dungeon.
             The game lasted 00:39:56 (25119 turns).

raph the Impaler (Merfolk Gladiator)               Turns: 25119, Time: 00:39:56

Health: -6/106     AC: 19    Str: 21    XL:     14   Next: 47%
Magic:  17/23      EV: 16    Int: 16    God:    Okawaru [*****.]
Gold:   1492       SH:  0    Dex: 28    Spells: 18/25 levels left

rFire    . . .     SeeInvis .   a - +3 glaive (venom)
rCold    . . .     Faith    +   (shield currently unavailable)
rNeg     . . .     Spirit   .   L - +2 chain mail of the Pits of Slime {Rampage Int+7 Dex+4}
rPois    .         Reflect  .   c - +1 helmet
rElec    .         Harm     .   Z - +0 cloak
rCorr    .         Rampage  +   f - +1 pair of gloves
Will     +....                  n - +0 pair of boots
Stlth    +.........             i - amulet of faith
HPRegen  0.27/turn              U - +6 ring of dexterity
MPRegen  0.18/turn              e - +6 ring of strength

@: finesse-ful, very slightly contaminated
A: (nimble swimmer 2), mertail
a: Renounce Religion, Heroism, Finesse


You were on level 12 of the Dungeon.
You worshipped Okawaru.
Okawaru was extremely pleased with you.
You visited 4 branches of the dungeon, and saw 19 of its levels.
You also visited: Ossuary.

You collected 1492 gold pieces.

Inventory:

Hand Weapons
 a - a +3 glaive of venom (weapon)
 b - a +4 vorpal trident
 H - a +2 glaive of pain
 R - a +1 trident of flaming
Missiles
 d - 7 throwing nets
 l - 93 poisoned darts (quivered)
Armour
 c - a +1 helmet (worn)
 f - a +1 pair of gloves (worn)
 n - a +0 pair of boots (worn)
 L - the +2 chain mail of the Pits of Slime (worn) {Rampage Int+7 Dex+4}
   (You found it on level 9 of the Dungeon)

   Int:       It affects your intelligence (+7).
   Dex:       It affects your dexterity (+4).
   Rampage:   It bestows one free step when moving towards enemies.
 Z - a +0 cloak (worn)
Jewellery
 e - a +6 ring of strength (right hand)
 h - a ring of willpower
 i - an amulet of faith (around neck)
 k - an amulet of reflection
 m - a ring of flight
 r - a ring of willpower
 t - a ring of willpower
 v - a ring of protection from fire
 A - a ring of ice
 I - a +6 ring of intelligence
 U - a +6 ring of dexterity (left hand)
Wands
 s - a wand of polymorph (31)
 y - a wand of digging (14)
 C - a wand of acid (10)
 E - a wand of charming (10)
 K - a wand of flame (21)
 O - a wand of paralysis (4)
 Q - a wand of iceblast (5)
Scrolls
 g - 10 scrolls of teleportation
 o - 2 scrolls of fear
 p - 5 scrolls of immolation
 q - 2 scrolls of fog
 u - a scroll of magic mapping
 T - 2 scrolls of blinking
 Y - a scroll of identify
Potions
 j - 3 potions of magic
 w - 12 potions of curing
 x - a potion of invisibility
 z - 2 potions of haste
 B - 3 potions of brilliance
 F - 2 potions of cancellation
 G - 2 potions of flight
 P - a potion of berserk rage {unknown}
 S - a potion of mutation {unknown}
 W - 2 potions of resistance
 X - 4 potions of ambrosia
Miscellaneous
 N - a lightning rod (4/4)
 V - a condenser vane


   Skills:
 + Level 8.4 Fighting
 * Level 19.1 Polearms
 + Level 6.2 Throwing
 + Level 5.7 Armour
 + Level 10.6 Dodging
 - Level 5.0 Stealth
 - Level 6.3 Spellcasting
 + Level 9.7 Transmutations
 + Level 2.5 Ice Magic
 + Level 8.1 Invocations
 + Level 5.7 Evocations


You had 18 spell levels left.
You knew the following spells:

 Your Spells              Type           Power      Damage    Failure   Level
a - Wereblood             Tmut           36%        N/A       3%          2
b - Passwall              Tmut/Erth      16%        N/A       22%         2
c - Ozocubu's Armour      Ice            13%        N/A       75%         3

Your spell library contained the following spells:

 Spells                   Type           Power      Damage    Failure   Level
 Beastly Appendage        Tmut           72%        N/A       1%          1
 Spider Form              Tmut/Pois      10%        N/A       41%         3
 Blade Hands              Tmut           18%        N/A       50%         5
 Magic Dart               Conj           20%        1d4       75%         1
 Corpse Rot               Necr/Air       N/A        N/A       86%         2
 Poisonous Vapours        Pois/Air       10%        N/A       86%         2
 Searing Ray              Conj           10%        3d3       86%         2
 Slow                     Hex            5%         N/A       86%         2
 Confusing Touch          Hex            5%         N/A       98%         3
 Swiftness                Air            5%         N/A       98%         3
 Vampiric Draining        Necr           2%         2d6       98%         3
 Irradiate                Conj/Tmut      10%        3d17      99%         5
 Fulminant Prism          Conj/Hex       2%         3d6       100%        4
 Olgreb's Toxic Radiance  Pois           5%         N/A       100%        4
 Passage of Golubria      Tloc           N/A        N/A       100%        4
 Freezing Cloud           Conj/Ice/Air   3%         6-21      100%        5
 Metabolic Englaciation   Hex/Ice        4%         N/A       100%        5
 Silence                  Hex/Air        2%         N/A       100%        5
 Invisibility             Hex            2%         N/A       100%        6
 Simulacrum               Ice/Necr       4%         N/A       100%        6
 Dragon Form              Tmut           18%        N/A       100%        7
 Ozocubu's Refrigeration  Ice            6%         4d6       100%        7
 Ignition                 Fire           2%         3d3       100%        8
 Lehudib's Crystal Spear  Conj/Erth      2%         10d2      100%        8


Dungeon Overview and Level Annotations

Branches:
Dungeon (12/15)            Temple (1/1) D:4            Lair (5/6) D:8
 Shoals (0/4) Lair:4       Spider (0/4) Lair:2        Slime (0/5) Lair:5
    Orc (1/2) D:12        Ossuary (visited)

Altars:
Ashenzari
Cheibriados
Dithmenos
Elyvilon
Fedhas
Gozag
Hepliaklqana
Kikubaaqudgha
Makhleb
Nemelex Xobeh
Okawaru
Qazlal
Ru
Sif Muna
Trog
Uskayaw
Vehumet
Wu Jian
Xom
Yredelemnul
Zin
The Shining One
Beogh

Shops:
D:11 (

Annotations:
D:5 exclusion: 2 doors
Lair:2 exclusion: 4 oklob plants
Lair:3 3 runed translucent doors, Agaobuna's ghost, journeyman TrBe; Avveroum's ghost, journeyman OgFE
Lair:4 exclusion: oklob plant


Innate Abilities, Weirdness & Mutations

((You are quick and stealthy near water. (Stealth+, EV+, Speed+++)))
Your lower body shifts to a powerful aquatic tail in water.


Message History

You are electrocuted!
You climb upwards.
Welcome back to the Dungeon!
There is a staircase to the Orcish Mines, spattered with blood here.
You closely miss the orc warrior. The orc warrior closely misses you.
You hit the orc warrior.
The orc warrior is poisoned.
The orc warrior is lightly wounded.
The orc warlord closely misses you.
You barely miss the orc warrior.
The orc warrior is lightly wounded.
The orc warrior barely misses you.
You slash the orc warrior!
The orc warrior is severely wounded.
The orc warlord hits you with a +2 war axe of electrocution!
You slash the orc warrior!
You kill the orc warrior!
Okawaru accepts your kill.
You slice the orc warlord!!
The orc warlord looks as sick as possible!
The orc warlord is lightly wounded.
You slash the orc warlord!
The orc warlord looks as sick as possible!
The orc warlord is moderately wounded.
The orc warlord hits you but does no damage.
Your chain mail of the Pits of Slime prevents you from hitting the orc warlord.
The orc warlord is moderately wounded.
Your chain mail of the Pits of Slime prevents you from hitting the orc warlord.
The orc warlord is moderately wounded.
You hit the orc warlord.
The orc warlord looks as sick as possible!
The orc warlord is heavily wounded.
The orc warlord hits you with a +2 war axe of electrocution!
Casting: Wereblood (safe; 3% risk of failure)
Confirm with . or Enter, or press ? or * to list all spells.
You miscast Ozocubu's Armour.
You are very lightly contaminated with residual magic.
Nothing appears to happen.
The orc warlord hits you with a +2 war axe of electrocution!!
* * * LOW HITPOINT WARNING * * *
You are electrocuted!
You die...

#..# #..# #..#####.....
#..#
#..######............
#..#
#..[.......########..
#..# #....[....(# #..
#..#########..)))....)#
#..
#.....<..........)....#
#>.
##.....................#
#..
....#########....[.....#
#.. ....# #...@[.....#
#.. ##..# #...)o.....#
#.. #..# #..######..#
#.. #..# #..# #..# #..
#..# #..# #..# #.. #..#
#..# #..# #.. #..# #..#
#..# #.. #..# #..# #..#
#.. #..# #..######..#
#..


You could see an orc warlord (extremely poisoned).

Vanquished Creatures
  A fire dragon (Lair:5)
  7 hydras
  A centaur warrior (D:10)
  9 death yaks (Lair:4)
  3 two-headed ogres
  Pikel (D:6)
  A deep elf pyromancer (D:12)
  3 manticores
  An orc sorcerer (D:12)
  2 cyclopes (D:11)
  3 elephants (Lair:4)
  4 black mambas
  2 gargoyles
  8 cane toads
  A rime drake (Lair:2)
  A kobold demonologist (D:12)
  6 komodo dragons
  Psyche (D:8)
  Maggie (Lair:1)
  7 polar bears
  A queen bee (Lair:2)
  4 trolls
  8 blink frogs
  7 slime creatures
  7 dream sheep
  A redback (Lair:2)
  A vampire (D:10)
  A wyvern (D:8)
  A human (D:5)
  30 yaks
  3 basilisks (Lair:2)
  Grum (D:8)
  5 steam dragons
  3 wargs
  An acid dragon (D:9)
  12 water moccasins
  Duvessa (D:7)
  A hornet zombie (D:7)
  13 orc warriors
  A black bear (D:3)
  3 sky beasts (D:9)
  15 wolves
  A necrophage (D:6)
  2 ogres
  4 centaurs
  A lemure (D:7)
  5 kobold brigands
  A phantom (D:5)
  8 bullfrogs
  2 elf zombies (Ossuary)
  A gnoll sergeant (D:10)
  3 elf skeletons (D:7)
  4 scorpions
  Dowan (D:7)
  39 killer bees
  A wight (D:9)
  An electric eel (Lair:5)
  A howler monkey (D:11)
  A bullfrog zombie (D:6)
  10 centaur zombies
  A hound (D:6)
  2 jellies
  16 orc priests
  A centaur skeleton (D:4)
  2 human zombies
  A gnoll shaman (D:5)
  5 iguanas
  17 orc wizards
  A human skeleton (D:7)
  A hell rat (Lair:2)
  A hound zombie (D:5)
  A hound skeleton (D:5)
  2 mummies (Ossuary)
  10 adders
  15 gnolls
  A shadow imp (D:6)
  4 ufetubi
  2 dart slugs
  44 orcs
  11 endoplasms
  6 giant cockroaches
  6 goblins
  4 hobgoblins
  6 jackals
  7 quokkas
  5 ball pythons
  8 bats
  3 frilled lizards (D:2)
  A goblin skeleton (D:5)
  2 goblin zombies (Ossuary)
  11 hobgoblin zombies (Ossuary)
  3 jackal zombies (Ossuary)
  17 kobolds
  9 kobold zombies (Ossuary)
  An orc skeleton (D:7)
  6 orc zombies (Ossuary)
  7 rats
509 creatures vanquished.

Vanquished Creatures (collateral kills)
  Harold (D:9)
1 creature vanquished.

Vanquished Creatures (others)
  2 orcs (D:4)
  9 fungi
  21 plants
32 creatures vanquished.

Grand Total: 542 creatures vanquished

Notes
Turn   | Place    | Note
-------+----------+-------------------------------------------
     0 | D:1      | raph the Merfolk Gladiator began the quest for the Orb.
     0 | D:1      | Reached XP level 1. HP: 16/16 MP: 1/1
   363 | D:1      | Reached skill level 5 in Polearms
   368 | D:1      | Reached XP level 2. HP: 19/22 MP: 2/2
  1350 | D:2      | Reached skill level 6 in Polearms
  1350 | D:2      | Reached XP level 3. HP: 27/27 MP: 3/3
  1817 | D:2      | HP: 1/27 [adder (2)]
  1834 | D:2      | Reached XP level 4. HP: 31/33 MP: 4/4
  1861 | D:2      | Reached skill level 7 in Polearms
  3107 | D:3      | Reached skill level 8 in Polearms
  3108 | D:3      | Reached XP level 5. HP: 38/38 MP: 5/5
  4246 | D:4      | Reached skill level 9 in Polearms
  4401 | D:4      | Reached XP level 6. HP: 44/44 MP: 6/6
  4508 | D:4      | Found a staircase to the Ecumenical Temple.
  4509 | D:4      | Noticed a black bear
  4527 | D:3      | Killed a black bear
  4528 | D:3      | Reached skill level 10 in Polearms
  4585 | Temple   | Entered the Ecumenical Temple
  5007 | Temple   | Became a worshipper of Warmaster Okawaru
  5249 | D:4      | Noticed a steam dragon
  5266 | D:4      | Killed a steam dragon
  5267 | D:4      | Reached skill level 11 in Polearms
  5267 | D:4      | Reached XP level 7. HP: 47/50 MP: 7/7
  5276 | D:4      | Reached * piety under Okawaru
  5496 | D:5      | Entered Level 5 of the Dungeon
  5514 | D:5      | Found a runed translucent door.
  5514 | D:5      | Noticed a human
  5522 | D:5      | Found a basalt altar of Yredelemnul.
  5826 | D:5      | Reached skill level 12 in Polearms
  5917 | D:5      | Noticed a yak
  5936 | D:5      | Killed a yak
  5936 | D:5      | Reached ** piety under Okawaru
  5937 | D:5      | Reached skill level 13 in Polearms
  5937 | D:5      | Reached XP level 8. HP: 48/56 MP: 8/8
  6815 | D:5      | Reached skill level 14 in Polearms
  7117 | D:6      | Found a sacrificial altar of Ru.
  7308 | D:6      | Reached *** piety under Okawaru
  7309 | D:6      | Reached skill level 15 in Polearms
  7510 | D:6      | Learned a level 2 spell: Wereblood
  7679 | D:7      | Noticed Pikel
  7690 | D:6      | Reached XP level 9. HP: 50/61 MP: 9/9
  7705 | D:6      | Killed Pikel
  7705 | D:6      | Reached **** piety under Okawaru
  7706 | D:6      | Reached skill level 16 in Polearms
  7706 | D:6      | Reached skill level 1 in Transmutations
  7762 | D:7      | Reached skill level 1 in Stealth
  7762 | D:7      | Reached skill level 1 in Invocations
  7799 | D:7      | Reached skill level 1 in Spellcasting
  7968 | D:7      | Reached skill level 1 in Armour
  8059 | D:7      | Found a shadowy altar of Dithmenos.
  8134 | D:7      | Noticed Dowan
  8134 | D:7      | Noticed Duvessa
  8147 | D:7      | Killed Duvessa
  8150 | D:7      | Killed Dowan
  8229 | D:7      | Reached skill level 5 in Dodging
  8236 | D:7      | Found a sand-covered staircase.
  8246 | Ossuary  | Entered an ossuary
  8841 | D:7      | Reached ***** piety under Okawaru
  8842 | D:7      | Reached XP level 10. HP: 63/71 MP: 13/13
  9148 | D:8      | Found a glowing golden altar of the Shining One.
  9172 | D:8      | Noticed Grum
  9243 | D:7      | Learned a level 2 spell: Passwall
  9393 | D:8      | Killed Grum
  9480 | D:8      | Noticed Psyche
  9498 | D:8      | Killed Psyche
  9498 | D:8      | Received a gift from Okawaru
  9753 | D:8      | Found a staircase to the Lair.
 10053 | Lair:1   | Entered Level 1 of the Lair of Beasts
 10147 | D:9      | Noticed Harold
 10164 | D:9      | Killed Harold
 10165 | D:9      | Reached skill level 5 in Transmutations
 10287 | D:9      | Found a shimmering blue altar of Sif Muna.
 10287 | D:9      | Found a glowing silver altar of Zin.
 10291 | D:9      | Noticed a two-headed ogre
 10312 | D:9      | Killed a two-headed ogre
 10313 | D:9      | Reached skill level 5 in Fighting
 10313 | D:9      | Reached XP level 11. HP: 21/79 MP: 16/16
 10475 | D:9      | Identified the +2 chain mail of the Pits of Slime {Rampage
                  | Int+7 Dex+4}
 11032 | D:9      | Reached skill level 5 in Stealth
 11037 | D:9      | Found a burning altar of Makhleb.
 12033 | Lair:1   | Noticed Maggie
 12045 | Lair:1   | Killed Maggie
 12418 | Lair:1   | Reached skill level 1 in Evocations
 12421 | Lair:1   | Reached skill level 5 in Invocations
 12826 | Lair:2   | Identified the -1 pair of gloves of the Lost Orbs {Harm
                  | Int+6} (Okawaru gifted it to you on level 2 of the Lair of
                  | Beasts)
 12826 | Lair:2   | Received a gift from Okawaru
 12905 | Lair:2   | Reached skill level 17 in Polearms
 12949 | Lair:2   | Reached XP level 12. HP: 88/88 MP: 18/18
 13038 | Lair:2   | Reached ****** piety under Okawaru
 13769 | Lair:2   | Found a hole to the Spider Nest.
 14321 | Lair:3   | Reached skill level 5 in Spellcasting
 14765 | Lair:3   | Found a runed translucent gate.
 14765 | Lair:3   | Found a runed translucent gate.
 14765 | Lair:3   | Found a runed translucent gate.
 14769 | Lair:3   | Noticed Agaobuna's ghost (journeyman TrBe)
 14769 | Lair:3   | Noticed Avveroum's ghost (journeyman OgFE)
 14787 | Lair:3   | Noticed an eight-headed hydra
 14808 | Lair:3   | Killed an eight-headed hydra
 14808 | Lair:3   | Received a gift from Okawaru
 15793 | Lair:3   | You fall into a shaft and drop 1 floor!
 15797 | Lair:4   | Noticed a seven-headed hydra
 15828 | Lair:4   | Killed a seven-headed hydra
 15978 | Lair:4   | Noticed a four-headed hydra
 15985 | Lair:4   | Killed a four-headed hydra
 16105 | Lair:4   | Noticed a death yak
 16105 | Lair:4   | Noticed a death yak
 16106 | Lair:4   | Noticed a death yak
 16108 | Lair:4   | Noticed a death yak
 16108 | Lair:4   | Noticed a death yak
 16110 | Lair:4   | Noticed a death yak
 16111 | Lair:4   | Noticed a death yak
 16120 | Lair:4   | Killed a death yak
 16124 | Lair:4   | Killed a death yak
 16125 | Lair:4   | Reached XP level 13. HP: 79/96 MP: 12/21
 16133 | Lair:4   | Reached skill level 18 in Polearms
 16133 | Lair:4   | Received a gift from Okawaru
 16138 | Lair:4   | Reached skill level 5 in Throwing
 16704 | Lair:4   | Found a staircase to the Shoals.
 17465 | Lair:4   | Reached skill level 5 in Armour
 18577 | Lair:5   | Found a staircase to the Slime Pits.
 18820 | Lair:5   | Identified the +2 pair of boots "Anuceit" {rPois rF- Dex-3
                  | SInv} (Okawaru gifted it to you on level 5 of the Lair of
                  | Beasts)
 18820 | Lair:5   | Received a gift from Okawaru
 18973 | Lair:5   | Reached skill level 10 in Dodging
 18973 | Lair:5   | Reached skill level 5 in Evocations
 19386 | Lair:5   | Noticed a fire dragon
 19678 | Lair:5   | Killed a fire dragon
 20382 | D:10     | Entered Level 10 of the Dungeon
 20509 | D:10     | Learned a level 3 spell: Ozocubu's Armour
 20697 | D:10     | Reached XP level 14. HP: 88/105 MP: 23/23
 21484 | D:10     | Found a snail-covered altar of Cheibriados.
 22205 | D:11     | Reached skill level 1 in Ice Magic
 22813 | D:11     | Found Xahec's Weapon Emporium.
 23871 | D:12     | Found a staircase to the Orcish Mines.
 24194 | D:12     | Reached skill level 19 in Polearms
 24308 | D:12     | Received a gift from Okawaru
 24870 | Orc:1    | Entered Level 1 of the Orcish Mines
 25002 | Orc:1    | Noticed an orc warlord
 25119 | D:12     | Mangled by an orc warlord

Illustrated notes

Levels and vault maps discovered:
D:1:      wheals_arrival_linesprint, layout_loops_ring, minmay_tree_intersection
D:2:      layout_loops_corners, minmay_quadrilaterals
D:3:      layout_loops_ring
D:4:      layout_basic, minmay_temple_entry_hall
D:5:      cheibrodos_two_vegetables, layout_loops_corners,
          dk_yredelemnul_ordeal, serial_glass, glass_columns_a, glass_columns_a
D:6:      layout_basic, nicolae_ru_great_annihilating_truth,
          serial_corexii_hall, chequers_hall_statues_wall_a,
          corexii_hall_statues_s, kennysheep_donut, dk_noncrumbling_3
D:7:      layout_basic, mainiacjoe_overflow_catwalk,
          nicolae_ossuary_entry_catacombs, david_defended_altar_orc, uniq_pikel,
          uniq_duvessa
D:8:      layout_cave_pools, tso_metal_star, david_lair_shrubbed, uniq_psyche,
          uniq_grum
D:9:      layout_gridville, marbit_many_paths, jmf_multi_god_temple,
          hangedman_misty_isle, uniq_harold
D:10:     layout_loops_corners, cheibriados_altar_1
D:11:     layout_stronghold, serial_shops, kennysheep_little_box
D:12:     cheibrodos_quadrivalence, layout_small_grid
Temple:   eino_temple_water
Lair:1:   layout_big_grid, minmay_stone_trees_small, uniq_maggie
Lair:2:   hangedman_what_comes_after_a, layout_chaotic_city,
          spider_nest_entry_rubble
Lair:3:   layout_small_grid, gammafunk_ghost_cemetery,
          portal_ice_cave_entry_pillars_2
Lair:4:   layout_cave_pods, shoals_dummy_entry, beast_lair_carwin_7
Lair:5:   dragon1_lemuel, layout_regular_city, nicolae_slime_entry_slimehenge
Orc:1:    layout_diamond_mine, nicolae_orc_tapped_out, uniq_sonja

Skill      XL: |  1  2  3  4  5  6  7  8  9 10 11 12 13 14 |
---------------+-------------------------------------------+-----
Polearms       | 5 6 8 9 11 13 15 16 17 18 19 | 19.1
Transmutations | 3 5 6 8 9 |  9.7
Stealth        | 2 4 5 |  5.0
Invocations    | 2 4 5 6 7 8 |  8.1
Spellcasting   | 2 3 4 5 6 |  6.3
Armour         | 1 3 4 5 |  5.7
Fighting       | 3 5 6 7 8 |  8.4
Dodging        | 5 6 8 9 10 | 10.6
Evocations     | 2 3 5 |  5.7
Throwing       | 3 4 5 6 |  6.2
Ice Magic      | 2 |  2.5

Action                   |  1- 3 |  4- 6 |  7- 9 | 10-12 | 13-15 || total
-------------------------+-------+-------+-------+-------+-------++-------
Melee: Trident           |   116 |    47 |       |    23 |    54 ||   240
       Halberd           |       |   143 |   361 |   143 |       ||   647
       Tailslap          |       |       |     1 |     2 |     2 ||     5
       Glaive            |       |       |       |   444 |   442 ||   886
Throw: Dart              |       |     3 |     5 |     4 |    10 ||    22
       Throwing net      |       |     1 |       |       |       ||     1
 Cast: Wereblood         |       |       |       |     6 |    15 ||    21
Invok: Heroism           |       |       |     4 |    14 |    13 ||    31
       Finesse           |       |       |       |     4 |     4 ||     8
Evoke: Wand              |       |       |       |     4 |     3 ||     7
       Condenser vane    |       |       |       |     1 |     1 ||     2
  Use: Potion            |     2 |       |       |     3 |     2 ||     7
       Scroll            |       |     9 |     7 |     8 |     7 ||    31
 Stab: Sleeping          |     1 |     4 |     6 |     4 |       ||    15
       Distracted        |       |       |     3 |     1 |       ||     4
Armor: Leather armour    |    25 |    18 |       |       |       ||    43
       Troll leather arm |       |    21 |    69 |    63 |       ||   153
       Chain mail        |       |       |       |   137 |   184 ||   321
Dodge: Dodged            |    75 |   110 |   133 |   477 |   340 ||  1135
